 Dungeon Crawl Stone Soup version 0.26-a0-651-gb41185065b (webtiles) character file.

Game seed: 17835298923066277414

30 Flugslaktarn the Covered (level 3, -5/34 HPs)
             Began as a Deep Dwarf Fighter on Oct 6, 2020.
             Killed by divine providence
             ... invoked by an orc priest
              (11 damage)
             ... on level 2 of the Dungeon.
             The game lasted 00:00:14 (261 turns).

Flugslaktarn the Covered (Deep Dwarf Fighter)        Turns: 261, Time: 00:00:15

Health: -5/34      AC:  6    Str: 20    XL:     3   Next: 3%
Magic:  3/3        EV:  7    Int:  8    God:
Gold:   13         SH:  9    Dex: 12    Spells: 2/2 levels left

rFire    . . .     SeeInvis .   a - +0 war axe
rCold    . . .     Faith    .   c - +0 kite shield
rNeg     . . .     Spirit   .   b - +0 scale mail
rPois    .         Reflect  .   (no helmet)
rElec    .         Harm     .   (no cloak)
rCorr    .         Rampage  .   (no gloves)
MR       .....                  (no boots)
Stlth    ..........             (no amulet)
HPRegen  0.00/turn              (no ring)
MPRegen  0.08/turn              (no ring)

@: non-regenerating
A: damage resistance, heal wounds, sense surroundings 1, no regeneration
a: Heal Wounds


You were on level 2 of the Dungeon.
You visited 1 branch of the dungeon, and saw 2 of its levels.

You collected 13 gold pieces.

Inventory:

Hand Weapons
 a - a +0 war axe (weapon)
Armour
 b - a +0 scale mail (worn)
 c - a +0 kite shield (worn)
Scrolls
 e - a scroll of enchant armour {unknown}
 f - a scroll of identify {unknown}
 g - a scroll of blinking {unknown}
Potions
 d - a potion of might


   Skills:
 * Level 3.1 Fighting
 * Level 2.9 Axes
 + Level 3.5 Armour
 + Level 3.5 Shields


You had 2 spell levels left.
You didn't know any spells.
Your spell library was empty.

Dungeon Overview and Level Annotations

Branches:
Dungeon (2/15)

Altars:
Dithmenos
Hepliaklqana


Innate Abilities, Weirdness & Mutations

You are resistant to damage.
You can heal yourself by infusing magical energy.
You passively map a small area around you.
You do not regenerate.


Message History

The orc priest invokes the aid of Beogh against you.
Beogh smites you!
You completely miss the orc priest. You barely miss something.
Something hits you but does no damage. You block the orc priest's attack.
Something hits you but does no damage. The orc hits you with a +0 falchion.
You slash the orc priest!
The orc priest is severely wounded.
You closely miss something. You closely miss the orc.
The orc priest hits you but does no damage.
Something hits you but does no damage. The orc hits you with a +0 falchion.
You hit the orc priest.
The orc priest is almost dead.
You hit the orc. You hit something but do no damage.
The orc priest mumbles some strange prayers to Beogh against you.
Beogh smites you!
* * * LOW HITPOINT WARNING * * *
Something hits you but does no damage. You block the orc's attack.
The orc priest calls down the wrath of Beogh upon you.
Beogh smites you!
You die...

......# , #.###.# #......
, , #.###.#
#.#....######## #.....#
#.............# #####.#
#.......8...8.. * ......#
#.##........... #####.#
#.##........... #.#
#.##$.oo{o..... ### #.#
#.# #..@8...8.. #.###.#
#.# #..)......# ,
...##.####.###..########*,
, ###...................,
, + §§###.########...####.
* §§§##.# ##.[# * *
#####.# * ##.# , ._..###
..# , .....# * ..#


You could see 2 orc priests and an orc.

Vanquished Creatures
  An adder (D:2)
  2 orcs (D:2)
  A bat (D:2)
  2 giant cockroaches
  3 hobgoblins (D:1)
  3 jackals (D:1)
  A kobold (D:1)
  2 frilled lizards
  2 rats (D:1)
17 creatures vanquished.

Notes
Turn   | Place    | Note
-------+----------+-------------------------------------------
     0 | D:1      | Flugslaktarn the Deep Dwarf Fighter began the quest for the
                  | Orb.
     0 | D:1      | Reached XP level 1. HP: 20/20 MP: 1/1
   105 | D:1      | Reached XP level 2. HP: 25/27 MP: 2/2
   154 | D:2      | Found a hazy altar of Hepliaklqana.
   181 | D:2      | Found a shadowy altar of Dithmenos.
   181 | D:2      | Noticed a shadow
   257 | D:2      | Reached XP level 3. HP: 18/34 MP: 3/3
   261 | D:2      | Killed from afar by an orc priest

Illustrated notes

Levels and vault maps discovered:
D:1:      ldierk_water_garden, layout_rooms, serial_bayou, serial_bayou_ford_a,
          serial_bayou_pond_e, serial_bayou_pond_d, serial_bayou_pond_c
D:2:      cheibrodos_pilgrimage, layout_loops_corners,
          riverfiend_overflow_shadow_ancestor

Skill      XL: |  1  2 |
---------------+-------+-----
Fighting       | 3 |  3.1
Axes           | |  2.9
Armour         | |  3.5
Shields        | |  3.5

Action                   || total
-------------------------++-------
Melee: War axe           ||    64
 Abil: Heal Wounds       ||     2
Armor: Scale mail        ||    39
Dodge: Dodged            ||    20
Block: Kite shield       ||    42

Table legend: (Time is in decaauts)
 A = Elapsed time spent in this place.
 B = Non-inter-level travel time spent in this place.
 C = Inter-level travel time spent in this place.
 D = Time resting spent in this place.
 E = Time spent auto-exploring this place.
 F = Levels seen in this place.
 G = Mean time per level.
                   A        B        C        D        E       F      G
               +--------+--------+--------+--------+--------+-----+--------+
         Total |    294 |    290 |      4 |      0 |    159 |   2 |  147.0 |
       Dungeon |    294 |    290 |      4 |      0 |    159 |   2 |  147.0 |
               +--------+--------+--------+--------+--------+-----+--------+

Top non-repeatable levels by time:
     D:2: 159 daAuts
     D:1: 135 daAuts
